 Dungeon Crawl Stone Soup version 0.13.0-6-g40e4d2d (console) character file.

550 Pouic the Ducker (level 6, -10/58 HPs)
             Began as a Troll Healer on Oct 14, 2013.
             Was a Believer of Elyvilon.
             Mangled by an ogre
             ... wielding a +0,+0 giant club
              (15 damage)
             ... on Level 4 of the Dungeon.
             The game lasted 00:31:51 (2703 turns).

Pouic the Ducker (Troll Healer)                     Turns: 2703, Time: 00:31:51

HP -10/58        AC  6     Str 23      XL: 6   Next: 28%
MP   7/7         EV 11     Int  8      God: Elyvilon [**....]
Gold 214         SH  0     Dex  9      Spells:  0 memorised,  5 levels left

Res.Fire  : . . .   See Invis. : .   t - +0 orc hand axe
Res.Cold  : . . .   Warding    : .   a - +1 robe
Life Prot.: . . .   Conserve   : +   (shield restricted)
Res.Poison: .       Res.Corr.  : .   (helmet restricted)
Res.Elec. : .       Clarity    : .   (no cloak)
Sust.Abil.: . .     Spirit.Shd : .   (gloves unavailable)
Res.Mut.  : .       Stasis     : .   (boots unavailable)
Res.Rott. : .       Flight     : .   E - amulet of conservation {unknown}
Gourmand  : +                        (no ring)
                                     (no ring)

@: slightly resistant to hostile enchantments, very unstealthy
A: unfitting armour, claws 3, fast metabolism 3, gourmand, regeneration 2,
saprovore 2, tough skin 2, AC +1
a: Lesser Healing, Lesser Self-Healing, Divine Protection, Purification,
Renounce Religion


You were on level 4 of the Dungeon.
You worshipped Elyvilon.
Elyvilon was pleased with you.
You were not hungry.

You visited 1 branch of the dungeon, and saw 5 of its levels.

You collected 114 gold pieces.

Inventory:

Hand weapons
 g - a +0,+1 orcish whip
 j - a -1,+1 orcish club
 k - a cursed -1,-3 short sword
 m - a +0,+0 elven dagger
 o - a +1,+0 elven dagger
 p - a +0,+0 dagger
 r - a +0,+0 dagger
 s - a +2,+0 elven short sword
 t - a +0,+0 orcish hand axe (weapon)
 w - a +0,+0 sling
 x - a +0,+0 elven dagger
 y - a +1,+6 orcish dagger
 B - a +0,+0 hand axe
 C - a -1,+1 orcish trident
 I - a cursed -3,+0 whip
Missiles
 i - 18 silver bolts
 l - 2 darts
 v - 41 stones (quivered)
Armour
 a - a +1 robe (worn)
 e - a +1 ring mail
 h - a +0 ring mail
 q - a +0 leather armour
 z - a +0 orcish ring mail
 A - a +0 orcish ring mail
 D - a +0 ring mail
Comestibles
 d - a meat ration
 u - a bread ration
 G - a pear
 H - 3 chunks of orc flesh
Scrolls
 c - a scroll of enchant weapon I {unknown}
Jewellery
 n - an uncursed ring of sustain abilities {unknown}
 E - an amulet of conservation (around neck) {unknown}
Potions
 b - 2 potions of curing
 f - a potion of speed {unknown}
 F - a potion of confusion {unknown}


   Skills:
 + Level 2.1 Fighting
 + Level 1.4 Axes
 + Level 4.6 Dodging
 + Level 1.2 Unarmed Combat
 + Level 3.6 Invocations


You had 5 spell levels left.
You didn't know any spells.

Dungeon Overview and Level Annotations

Branches:
Dungeon (5/27)
 Temple: D:4-7

Altars:

Annotations:
D:4 Prince Ribbit
D:5 AmberJosephineLiu's ghost, average DrTm


Innate Abilities, Weirdness & Mutations

You are too large for most types of armour.
You have claws for hands.
Your metabolism is lightning-fast.
You like to eat raw meat.
You heal very quickly.
You can eat rotten meat.
You are covered in fur (AC +1).
You have very tough skin (AC +2).


Message History

The ogre is heavily wounded.
The bat hits you but does no damage.
You hit the ogre.
The ogre is severely wounded.
You closely miss the bat. The bat closely misses you.
The ogre barely misses you.
You barely miss the ogre.
The ogre is severely wounded.
The ogre hits you with a giant club! The bat hits you but does no damage.
You hit the ogre but do no damage.
The ogre is severely wounded.
You closely miss the bat. The bat barely misses you.
The ogre hits you with a giant club!
* * * LOW HITPOINT WARNING * * *
You hit the ogre.
The ogre is almost dead.
You closely miss the bat. The bat barely misses you.
The ogre hits you with a giant club!
* * * LOW HITPOINT WARNING * * *
You barely miss the ogre.
The ogre is almost dead.
The bat hits you but does no damage. The ogre hits you with a giant club!
You die...

## ##### .## ### ##.#.## ###
..# ##.###.....# ##.## .#
##...# #....#####...#
.#####...####...#.#.###.####
...........................#
..............>O@..........##
.....?..........b...........##
..............%<.............#
............................##
...........................##
...........................#
.............................
...........................#.#
..............................
...........................#.#


You could see an ogre and a bat.

Vanquished Creatures
  2 orc priests
  An iguana (D:3)
  3 worker ants
  An ogre skeleton (D:4)
  A hound skeleton (D:4)
  7 adders
  2 giant geckos
  An ooze (D:1)
  13 orcs
  7 bats
  4 giant cockroaches
  6 hobgoblins
  8 kobolds
  A quokka (D:3)
  2 ball pythons
  2 giant newts
  7 goblins
  4 rats
72 creatures vanquished.

Vanquished Creatures (others)
  A giant newt (D:1)
1 creature vanquished.

Grand Total: 73 creatures vanquished

Notes
Turn   | Place    | Note
--------------------------------------------------------------
     0 | D:1      | Pouic, the Troll Healer, began the quest for the Orb.
     0 | D:1      | Reached XP level 1. HP: 20/20 MP: 2/2
   156 | D:1      | Reached XP level 2. HP: 28/28 MP: 3/3
   704 | D:2      | Reached XP level 3. HP: 30/35 MP: 4/4
   852 | D:4      | Noticed Prince Ribbit
   876 | D:3      | Reached skill level 1 in Unarmed Combat
   983 | D:3      | Reached XP level 4. HP: 16/42 MP: 5/5
  1465 | D:3      | Reached XP level 5. HP: 30/50 MP: 6/6
  1543 | D:3      | Reached skill level 1 in Axes
  1613 | D:4      | Reached skill level 4 in Dodging
  1935 | D:4      | Reached XP level 6. HP: 26/58 MP: 7/7
  2225 | D:5      | Entered Level 5 of the Dungeon
  2225 | D:5      | Noticed AmberJosephineLiu's ghost (average DrTm)
  2703 | D:4      | Mangled by an ogre

Action                   |  1- 3 |  4- 6 || total
-------------------------+-------+-------++-------
Melee: Unarmed           |    73 |       ||    73
       Hand axe          |    76 |   213 ||   289
Throw: Stone             |     2 |     5 ||     7
       Dart              |     1 |       ||     1
  Use: Scroll            |     1 |     6 ||     7
       Potion            |       |     1 ||     1
